AoeStats
← happyhoeker

Arabian Desert

510061681Analyzed
1v1 RM · 2d ago on Sep 29, 2026· 55m 3s· 2 players
Game mode
Random Map
Map size
Tiny (2 player)
Population
200
Speed
Normal
Resources
Standard
Victory
Conquest
Starting age
Dark Age
Ending age
Imperial Age
RankedLock teamsTeams togetherTeam positionsShared explorationLock speedFull tech treeHidden civsTurbo modeCheats
Victory
Defeat
🇳🇱 Magyars · Netherlands
1199
+15
🇦🇺 Danes · Australia
1176
-15
RedTheWeasel
7:12 Loom
9:46 Feudal Age
9:52 Man-at-Arms
10:33 Double-Bit Axe
14:04 Town Watch
22:45 Fletching
27:15 Castle Age
26:26 Forging
26:21 Scale Mail Armor
26:17 Horse Collar
27:54 Bodkin Arrow
28:46 Padded Archer Armor
30:44 Elite Skirmisher
38:04 Chain Mail Armor
42:42 Leather Archer Armor
48:01 Imperial Age
47:16 Ballistics
49:32 Iron Casting
48:59 Bracer
happyhoeker
8:03 Loom
10:21 Feudal Age
12:42 Double-Bit Axe
17:32 Horse Collar
23:00 Castle Age
21:44 Fletching
21:54 Padded Archer Armor
22:27 Bloodlines
24:06 Thumb Ring
24:31 Bodkin Arrow
24:48 Gold Mining
25:50 Husbandry
28:39 Leather Archer Armor
33:10 Bow Saw
38:03 Wheelbarrow
41:34 Hand Cart
41:11 Light Cavalry
44:37 Imperial Age
42:30 Hand Cart
42:31 Heavy Plow
44:14 Scale Barding Armor
45:36 Ballistics
45:38 Bracer
46:01 Chain Barding Armor
46:12 Parthian Tactics
49:41 Heavy Cavalry Archer
53:49 Two-Man Saw
53:04 Town Watch
54:38 Hussar
55:26 Recurve Bow
Connection lost

Rejoining the realm…

Still unreachable

The connection could not be restored.

Session expired

The server has moved on; the page needs a fresh start.